 Dungeon Crawl Stone Soup version 0.29-a0-2-g12fcac58f8 (webtiles) character file.

Game seed: 13868043567439066726

195 Hasart the Insei (level 5, -2/34 HPs)
             Began as an Octopode Transmuter on Jan 27, 2022.
             Slain by an adder (5 damage)
             ... in a sewer.
             The game lasted 00:04:03 (3990 turns).

Hasart the Insei (Octopode Transmuter)              Turns: 3990, Time: 00:04:04

Health: -2/34      AC:  1    Str:  9    XL:     5   Next: 74%
Magic:  6/9        EV: 13    Int: 17    God:
Gold:   144        SH:  0    Dex: 13    Spells: 3/9 levels left

rFire   . . .      SeeInvis .     - Unarmed
rCold   . . .      Faith    .   (no shield)
rNeg    . . .      Spirit   .   (helmet restricted)
rPois   .          Reflect  .   (no amulet)
rElec   .          Harm     .   (no ring)
rCorr   .          Rampage  .   (no ring)
Will    .....                   (no ring)
Stlth   ++........              (no ring)
HPRegen 0.11/turn               (no ring)
MPRegen 0.11/turn               (no ring)
                                (no ring)
                                (no ring)

@: wereblooded
A: almost no armour, amphibious, 8 rings, camouflage 1, gelatinous body 1,
(nimble swimmer 1), tentacles
a: no special abilities


You were in a sewer.
You visited 1 branch of the dungeon, and saw 3 of its levels.
You also visited: Sewer.

You collected 144 gold pieces.

Inventory:

Missiles
 g - 3 poisoned darts
Scrolls
 b - a scroll of teleportation {unknown}
 c - a scroll of torment {unknown}
 e - a scroll of immolation {unknown}
Potions
 a - a potion of ambrosia
 d - a potion of curing {unknown}
 f - a potion of attraction {unknown}
 h - a potion of mutation {unknown}
 i - a potion of magic {unknown}


   Skills:
 + Level 2.1 Fighting
 + Level 2.9 Dodging
 * Level 4.2 Unarmed Combat
 + Level 2.6 Spellcasting
 + Level 2.8 Transmutations
 + Level 1.6 Poison Magic


You had 3 spell levels left.
You knew the following spells:

 Your Spells              Type           Power      Damage    Failure   Level
a - Beastly Appendage     Tmut           24%        N/A       5%          1
b - Wereblood             Tmut           12%        N/A       9%          2
c - Spider Form           Tmut/Pois      9%         N/A       22%         3

Your spell library contained the following spells:

 Spells                   Type           Power      Damage    Failure   Level
 Animate Skeleton         Necr           4%         N/A       19%         1
 Apportation              Tloc           4%         N/A       19%         1
 Summon Small Mammal      Summ           8%         N/A       19%         1
 Ice Form                 Ice/Tmut       7%         N/A       69%         4


Dungeon Overview and Level Annotations

Branches:
Dungeon (3/15)              Sewer (1/1)

Altars:


Innate Abilities, Weirdness & Mutations

You cannot wear most types of armour.
You are amphibious.
You can wear up to eight rings at the same time.
Your skin changes colour to match your surroundings (Stealth+).
Your rubbery body absorbs attacks. (AC +1, EV +1)
((You are camouflaged when in or above water. (Stealth+)))
You have tentacles for arms and can constrict up to eight enemies at once.


Message History

You kill the rat!
You howl as the wereblood boils in your veins!
You hear an angry hiss.
A river rat comes into view.
A rat comes into view.
A ball python comes into view.
The adder hisses angrily.
A rat comes into view.
You tentacle-slap the river rat. You grab the river rat.
Your squeeze misses the river rat.
The river rat is lightly wounded.
You constrict the river rat. The river rat barely misses you.
Your magical contamination has completely faded away.
You tentacle-slap the river rat. Your squeeze misses the river rat.
The river rat is moderately wounded.
You howl as the wereblood boils in your veins!
You constrict the river rat, but do no damage.
The rat bites you. The river rat bites you!
You tentacle-slap the river rat.
You tentacle-slap the river rat, but do no damage.
The river rat is moderately wounded.
You constrict the river rat, but do no damage.
A river rat comes into view.
The rat barely misses you. The river rat barely misses you.
You tentacle-slap the river rat. You squeeze the river rat.
The river rat is heavily wounded.
You howl as the wereblood boils in your veins!
You constrict the river rat, but do no damage.
The rat barely misses you.
You completely miss the adder. Your grab misses the adder.
You constrict the river rat. The river rat bites you! The adder bites you.
The ball python barely misses you. x2; The rat closely misses you.
You barely miss the adder. Your grab misses the adder.
You tentacle-slap the adder.
The adder is lightly wounded.
You howl as the wereblood boils in your veins!
You constrict the river rat. The river rat bites you!
* * * LOW HITPOINT WARNING * * *
The adder bites you.
You die...

###### ### ##.S...###
##..## # ####..
.....####.....###
......# #...............
....... ##.......# .....
#r...r##.†......####...
#..rr@....†...†.##....
##.≈SS≈..........≈..≈.
≈≈≈≈≈≈≈≈≈....≈...≈..≈≈≈≈
≈≈≈≈≈≈≈≈≈≈≈≈≈≈≈≈≈≈≈≈≈≈≈≈
≈≈≈≈≈≈≈≈≈≈≈≈≈≈≈≈≈≈≈≈≈≈≈≈
≈≈≈≈≈≈≈≈≈≈≈..≈≈.≈.≈≈≈≈≈≈
≈≈≈≈≈≈≈≈≈≈.......≈.≈.≈≈≈
...≈.≈≈≈............≈.≈.
..................≈


You could see an adder, 2 river rats, a ball python and 2 rats.

Vanquished Creatures
  A kobold brigand (Sewer)
  4 adders
  4 river rats
  A worm (D:2)
  A dart slug (D:2)
  An endoplasm (D:2)
  2 goblins
  2 hobgoblins
  4 jackals (D:1)
  5 quokkas
  4 ball pythons
  A bat (D:2)
  8 kobolds (Sewer)
  28 rats
66 creatures vanquished.

Notes
Turn   | Place    | Note
-------+----------+-------------------------------------------
     0 | D:1      | Hasart the Octopode Transmuter began the quest for the Orb.
     0 | D:1      | Reached XP level 1. HP: 13/13 MP: 3/3
   146 | D:1      | Reached XP level 2. HP: 16/18 MP: 5/5
   209 | D:1      | Found a faded altar of an unknown god.
  1093 | D:2      | Reached XP level 3. HP: 23/23 MP: 6/6
  1405 | D:2      | Learned a level 2 spell: Wereblood
  1409 | D:2      | Learned a level 3 spell: Spider Form
  3328 | D:3      | Reached XP level 4. HP: 29/29 MP: 7/7
  3356 | D:3      | Found a glowing drain.
  3412 | Sewer    | Entered a sewer
  3481 | Sewer    | Noticed a kobold brigand
  3494 | Sewer    | HP: 1/29 [poisoned by a kobold brigand]
  3499 | Sewer    | Killed a kobold brigand
  3500 | Sewer    | Reached skill level 4 in Unarmed Combat
  3500 | Sewer    | Reached skill level 1 in Poison Magic
  3500 | Sewer    | Reached XP level 5. HP: 10/34 MP: 8/8
  3990 | Sewer    | Slain by an adder

Illustrated notes

Levels and vault maps discovered:
D:1:      dpeg_arrival_short_road, layout_loops_ring,
          shapermc_ecumenical_altar_starsandcircs, minmay_rat_gold_closets
D:2:      layout_basic, serial_co_window_serial, co_window_paths_a,
          co_window_corner_a, co_window_paths_a, co_window_of_opportunity_a,
          co_window_paths_a, co_window_paths_b, co_window_paths_a,
          co_window_paths_b, co_window_of_opportunity_a,
          co_window_of_opportunity_b, co_window_2corner, co_window_cross_4,
          co_window_of_opportunity_b, co_window_corner_ca, co_window_paths_e,
          co_window_paths_d, glass_columns_a, glass_columns_b, glass_columns_a
D:3:      layout_basic, gup_sewer_entry_spiral, dk_vineyard_3
Sewer:    sewer_minmay_treatment

Skill      XL: |  1  2  3  4 |
---------------+-------------+-----
Fighting       | 2 |  2.1
Unarmed Combat | 4 |  4.2
Poison Magic   | 1 |  1.6
Dodging        | |  2.9
Spellcasting   | |  2.6
Transmutations | |  2.8

Action                   |  1- 3 |  4- 6 || total
-------------------------+-------+-------++-------
Melee: Unarmed           |    67 |    69 ||   136
       Tentacles         |    14 |     7 ||    21
       Constrict         |    16 |    12 ||    28
       Punch             |     2 |     4 ||     6
       Kick              |     5 |       ||     5
 Cast: Beastly Appendage |     2 |       ||     2
       Spider Form       |       |     2 ||     2
       Wereblood         |       |     3 ||     3
 Abil: End Transformatio |       |     1 ||     1
  Use: Potion            |       |     1 ||     1
 Stab: Sleeping          |    13 |     4 ||    17
Armor: Skin              |       |     3 ||     3
Dodge: Dodged            |    22 |    38 ||    60

Table legend: (Time is in decaauts)
 A = Elapsed time spent in this place.
 B = Non-inter-level travel time spent in this place.
 C = Inter-level travel time spent in this place.
 D = Time resting spent in this place.
 E = Time spent auto-exploring this place.
 F = Levels seen in this place.
 G = Mean time per level.
                   A        B        C        D        E       F      G
               +--------+--------+--------+--------+--------+-----+--------+
         Total |   3980 |   3914 |     66 |     51 |   3328 |   4 |  995.0 |
       Dungeon |   3406 |   3340 |     66 |     51 |   2871 |   3 | 1135.3 |
         Sewer |    574 |    574 |      0 |      0 |    457 |   1 |  574.0 |
               +--------+--------+--------+--------+--------+-----+--------+

Top non-repeatable levels by time:
     D:2: 2166 daAuts
     D:1: 1086 daAuts
   Sewer: 574 daAuts
     D:3: 152 daAuts
